 Dungeon Crawl Stone Soup version 0.27.1-33-g824d729ab1 (webtiles) character file.

Game seed: 16714202660521891971

94 Descartes the Sneak (level 4, -2/25 HPs)
             Began as a Spriggan Wanderer on Nov 26, 2021.
             Slain by an orc (4 damage)
             ... on level 2 of the Dungeon.
             The game lasted 00:04:15 (1850 turns).

Descartes the Sneak (Spriggan Wanderer)             Turns: 1850, Time: 00:04:16

Health: -2/25      AC:  2    Str: 11    XL:     4   Next: 38%
Magic:  5/5        EV: 17    Int: 12    God:
Gold:   30         SH:  0    Dex: 13    Spells: 3/3 levels left

rFire    . . .     SeeInvis +   a - +2 short sword
rCold    . . .     Faith    .   (shield restricted)
rNeg     . . .     Spirit   .   c - +0 robe
rPois    .         Reflect  .   (helmet restricted)
rElec    .         Harm     .   (no cloak)
rCorr    .         Rampage  .   (gloves unavailable)
Will     .....                  (boots unavailable)
Stlth    +++.......             (no amulet)
HPRegen  0.08/turn              (no ring)
MPRegen  0.09/turn              (no ring)

@: very quick
A: very small, no large weapons, unfitting armour, see invisible, speed 3
a: no special abilities


You were on level 2 of the Dungeon.
You visited 1 branch of the dungeon, and saw 3 of its levels.

You collected 30 gold pieces.

Inventory:

Hand Weapons
 a - a +2 short sword (weapon)
Missiles
 e - 2 throwing nets (quivered)
 g - 45 stones
 k - 25 sling bullets
 n - 6 boomerangs
Armour
 c - a +0 robe (worn)
Scrolls
 d - a scroll of magic mapping {unknown}
 f - a scroll of fog {unknown}
 h - 2 scrolls of teleportation {unknown}
 j - a scroll of acquirement {unknown}
 l - a scroll of enchant weapon {unknown}
 m - a scroll of brand weapon {unknown}
Potions
 b - 3 potions of curing
 i - 2 potions of brilliance {unknown}


   Skills:
 - Level 4.1 Fighting
 + Level 3.0 Short Blades
 + Level 3.7 Dodging
 - Level 5.0 Stealth
 + Level 1.3 Translocations


You had 3 spell levels left.
You didn't know any spells.
Your spell library contained the following spells:

 Spells                   Type           Power      Damage    Failure   Level
 Slow                     Hex            0%         N/A       45%         2
 Gell's Gravitas          Tloc           1%         N/A       52%         3
 Teleport Other           Tloc           3%         N/A       52%         3
 Confusing Touch          Hex            0%         N/A       69%         3
 Vampiric Draining        Necr           0%         2d6       69%         3
 Dispersal                Tloc           1%         N/A       100%        6


Dungeon Overview and Level Annotations

Branches:
Dungeon (3/15)

Altars:
Uskayaw

Shops:
D:2 ?


Innate Abilities, Weirdness & Mutations

You are very small and have problems with some larger weapons.
You are too small for most types of armour.
You have supernaturally acute eyesight. (SInv)
You cover ground extremely quickly. (Speed+++)


Message History

The puff of flame misses you. The orc barely misses you.
You miss the orc wizard.
The orc wizard is severely wounded.
The orc wizard closely misses you. The orc hits you with a +0 short sword.
The orc wizard misses you.
You bump into the rock wall.
You bump into the rock wall.
You feel less confused.
Unknown command.
You puncture the orc wizard!
You kill the orc wizard!
The orc misses you.
Your Short Blades skill increases to level 3!
Your Translocations skill increases to level 1!
You barely miss the orc. The orc hits you with a +0 short sword.
You hit the orc.
The orc is lightly wounded.
The orc misses you.
You closely miss the orc.
The orc is lightly wounded.
The orc hits you with a +0 short sword.
You closely miss the orc.
The orc is lightly wounded.
The orc hits you with a +0 short sword.
* * * LOW HITPOINT WARNING * * *
You barely miss the orc.
The orc is lightly wounded.
The orc misses you.
You barely miss the orc.
The orc is lightly wounded.
The orc hits you with a +0 short sword.
* * * LOW HITPOINT WARNING * * *
You hit the orc but do no damage.
The orc is lightly wounded.
The orc hits you with a +0 short sword.
* * * LOW HITPOINT WARNING * * *
You closely miss the orc.
The orc is lightly wounded.
The orc hits you with a +0 short sword.
You die...

......#.+∩+.#.#..###.............
÷.....#.#'#.#.#..###...#########.
........#......)..##...# ##.
..........###.##...#...# #..
......##### #.##.#.....## #..
......# #.##÷##.....# #.. ......#
#...>.#...#.# #.. ###..##
####o)..###.# ##.# ##..####
#@..## #.# #.†# ##>...#######...#
#.# #...
####......###.#####.######...
######....................
###########...###.... ###...#.###
###...# ##.## ###


You could see an orc.

Vanquished Creatures
  An orc wizard (D:2)
  3 adders (D:2)
  2 worms (D:2)
  An orc (D:3)
  An endoplasm (D:1)
  A giant cockroach (D:1)
  2 goblins
  4 hobgoblins
  4 quokkas
  4 ball pythons (D:1)
  5 bats (D:1)
  2 frilled lizards
  3 kobolds
  6 rats
39 creatures vanquished.

Notes
Turn   | Place    | Note
-------+----------+-------------------------------------------
     0 | D:1      | Descartes the Spriggan Wanderer began the quest for the
                  | Orb.
     0 | D:1      | Descartes set off with the following items: a +2 short
                  | sword, 2 potions of curing, a +0 robe, a +0 dagger
     0 | D:1      | Reached XP level 1. HP: 13/13 MP: 2/2
   146 | D:1      | Reached XP level 2. HP: 17/17 MP: 3/3
  1113 | D:2      | Reached XP level 3. HP: 20/21 MP: 4/4
  1225 | D:2      | Reached skill level 5 in Stealth
  1668 | D:2      | Found Fomiuzokk's Magic Scroll Shop.
  1799 | D:3      | Found a hide-covered altar of Uskayaw.
  1809 | D:3      | Reached XP level 4. HP: 25/25 MP: 5/5
  1843 | D:2      | Reached skill level 1 in Translocations
  1850 | D:2      | Slain by an orc

Illustrated notes

Levels and vault maps discovered:
D:1:      saegor_arrival_simple_d, layout_rooms, serial_forest,
          infiniplex_forest_clump_small, infiniplex_forest_clump_long,
          infiniplex_forest_zigzag_1, infiniplex_forest_straight_2,
          infiniplex_forest_corner_1, infiniplex_forest_split,
          infiniplex_forest_clump_tiny, infiniplex_forest_end_double
D:2:      layout_rooms, serial_shops, nicolae_shop_behind_doors,
          kennysheep_decorative_pillar, minmay_misc_feat_rows
D:3:      minmay_recursive_quarters, layout_basic,
          mainiacjoe_overflow_six_doors_small, mainiacjoe_overflow_boulevard,
          hellmonk_ecumenical_altar_lost_god

Skill      XL: |  1  2  3  4 |
---------------+-------------+-----
Dodging        | 2 3 |  3.7
Short Blades   | 2 3 |  3.0
Stealth        | 5 |  5.0
Translocations | 1 |  1.3
Fighting       | |  4.1

Action                   |  1- 3 |  4- 6 || total
-------------------------+-------+-------++-------
Melee: Short sword       |   111 |    17 ||   128
 Stab: Sleeping          |     7 |       ||     7
Armor: Robe              |    14 |     1 ||    15
Dodge: Dodged            |    80 |    19 ||    99
